 Dungeon Crawl Stone Soup version 0.31-a0-348-g810772c3d7 (webtiles) character file.

Game seed: 16316804131429412480

1088 AdnanSaban the Shield-Bearer (level 8, -5/49 HPs)
             Began as a Gargoyle Fighter on July 22, 2023.
             Killed from afar by a steam dragon (22 damage)
             ... with a ball of steam
             ... on level 5 of the Dungeon.
             The game lasted 00:04:24 (3836 turns).

AdnanSaban the Shield-Bearer (Gargoyle Fighter)     Turns: 3836, Time: 00:04:25

Health: -5/49      AC: 17    Str: 23    XL:     8   Next: 30%
Magic:  8/8        EV: 10    Int:  8    God:
Gold:   340        SH: 10    Dex:  9    Spells: 7/7 levels left

rFire   . . .        u - +2 club (spect)
rCold   . . .        c - +0 buckler
rNeg    + . .        b - +0 scale mail
rPois   ∞            (no helmet)
rElec   +            (no cloak)
rCorr   .            s - +2 pair of gloves
SInv    .            g - +0 pair of boots
Will    .....        q - amulet of reflection Stlth
                     (no ring)
HPRegen 0.28/turn    (no ring)
MPRegen 0.11/turn

%: reflection
@: no status effects
A: sickness immunity, AC +5, negative energy resistance 1, electricity
resistance, torment resistance 1, petrification resistance
a: no special abilities


You were on level 5 of the Dungeon.
You visited 1 branch of the dungeon, and saw 6 of its levels.

You collected 340 gold pieces.

Inventory:

Hand Weapons
 u - a +2 spectral club (weapon)
 w - a +0 flail
Armour
 b - a +0 scale mail (worn)
 c - a +0 buckler (worn)
 g - a +0 pair of boots (worn)
 s - a +2 pair of gloves (worn)
Jewellery
 q - an amulet of reflection (around neck)
 v - a ring of resist corrosion
 y - a ring of magical power
 z - an amulet of regeneration
Scrolls
 a - a scroll of noise {unknown}
 f - 3 scrolls of vulnerability {unknown}
 j - a scroll of fog {unknown}
 k - a scroll of revelation {unknown}
 l - a scroll of torment {unknown}
 n - 2 scrolls of fear {unknown}
 p - a scroll of blinking {unknown}
 t - a scroll of brand weapon {unknown}
 A - 3 scrolls of teleportation {unknown}
Potions
 d - 4 potions of might
 e - a potion of curing {unknown}
 h - a potion of cancellation {unknown}
 i - a potion of attraction {unknown}
 m - a potion of lignification {unknown}
 o - a potion of ambrosia {unknown}
 r - 2 potions of resistance {unknown}
 x - a potion of mutation {unknown}
 B - a potion of invisibility {unknown}


   Skills:
 + Level 5.0 Fighting
 + Level 5.6 Maces & Flails
 + Level 5.5 Armour
 + Level 2.0 Dodging
 + Level 6.3 Shields


You had 7 spell levels left.
You didn't know any spells.
Your spell library was empty.

Dungeon Overview and Level Annotations

Branches:
Dungeon (6/15)
 Temple: D:4-7

Altars:
Dithmenos
Nemelex Xobeh
Qazlal
Ru
The Shining One

Shops:
D:4 ?

Annotations:
D:2 1 runed translucent door, Crazy Yiuf


Innate Abilities, Weirdness & Mutations

You are immune to sickness and miasma.
Your stone body is resilient. (AC +5)
You are immune to poison.
You resist negative energy. (rN+)
You are resistant to electric shocks. (rElec)
You are resistant to unholy torment.
You are immune to petrification.


Message History

2 orcs come into view.
The orc shouts! x2
The orc moves out of view.
The steam dragon attacks as you move away!
The steam dragon bites you.
The steam dragon claws you but does no damage.
The steam dragon attacks as you move away!
You block the steam dragon's attack. x2
There is a stone staircase leading up here.
The steam dragon bites you but does no damage.
The steam dragon closely misses you.
You climb upwards.
There is a stone staircase leading down here.
You hit the steam dragon but do no damage.
The steam dragon is moderately wounded.
Your +2 spectral club closely misses the steam dragon.
The steam dragon breathes steam at you. The ball of steam misses you.
Your +2 spectral club disappears.
The steam dragon closely misses you.
The steam dragon claws you but does no damage.
You are too injured to fight recklessly!
You hit the steam dragon but do no damage.
The steam dragon is moderately wounded.
Your +2 spectral club hits the steam dragon.
The steam dragon bites you. You block the steam dragon's attack.
You hit the steam dragon but do no damage.
The steam dragon is moderately wounded.
Your +2 spectral club closely misses the steam dragon.
You block the steam dragon's attack. The steam dragon misses you.
You hit the steam dragon but do no damage.
The steam dragon is moderately wounded.
Your +2 spectral club completely misses the steam dragon.
You block the steam dragon's attack. The steam dragon claws you.
You barely miss the steam dragon.
The steam dragon is moderately wounded.
Your +2 spectral club hits the steam dragon.
The steam dragon breathes steam at you. The ball of steam hits you!!
You die...

.......# ##...### .......#
#......# .......## #......#
........############ ##'##..#
...................# #...#..##
.......##..........# #♣8♣#..##
.......##..........# #######..#.
......<##...>......# #...#....#.
###.)######....(@######.#####.##.
##.)####...#.D....##..# #.##.
##).......#####..##.## #.##.
#########....# #.....## #.###
......#......#####...#..#####.###
........##..#<..........#......##
......###........................
......>................##)....[##
#######................##.....##.


You could see a steam dragon (catching breath) and a friendly +2 spectral club.

Vanquished Creatures
  The ghost of grizmgrazm2 the Changeling, a novice OpSh of Sif Muna (D:5)
  Eustachio (D:4)
  An ogre (D:5)
  A kobold brigand (D:5)
  A scorpion (D:5)
  A hound (D:5)
  4 iguanas
  Terence (D:3)
  Jessica (D:2)
  2 sleepcaps
  8 adders
  A white imp (D:5)
  2 ufetubi (D:5)
  2 worms (D:2)
  3 dart slugs
  6 orcs
  4 bats
  7 endoplasms
  6 giant cockroaches
  6 goblins
  7 hobgoblins
  11 jackals
  A quokka (D:3)
  7 ball pythons
  4 frilled lizards
  5 kobolds
  5 rats
99 creatures vanquished.

Notes
Turn   | Place    | Note
-------+----------+-------------------------------------------
     0 | D:1      | AdnanSaban the Gargoyle Fighter began the quest for the
                  | Orb.
     0 | D:1      | Reached XP level 1. HP: 14/14 MP: 1/1
   187 | D:1      | Reached XP level 2. HP: 19/19 MP: 2/2
   257 | D:1      | Reached XP level 3. HP: 17/24 MP: 3/3
   826 | D:2      | Found a runed translucent door.
   827 | D:2      | Noticed Crazy Yiuf
   904 | D:2      | Found a sacrificial altar of Ru.
  1006 | D:2      | Reached XP level 4. HP: 28/29 MP: 4/4
  1364 | D:2      | Noticed Jessica
  1374 | D:2      | Killed Jessica
  1375 | D:2      | Reached XP level 5. HP: 24/33 MP: 5/5
  1941 | D:3      | Found a stormy altar of Qazlal.
  1945 | D:3      | Found a sparkling altar of Nemelex Xobeh.
  2077 | D:3      | Noticed Terence
  2088 | D:3      | Killed Terence
  2533 | D:4      | Reached skill level 4 in Shields
  2533 | D:4      | Reached XP level 6. HP: 35/39 MP: 6/6
  2585 | D:4      | Found Imosexoy's Magic Scroll Boutique.
  2679 | D:4      | Noticed Eustachio
  2718 | D:5      | Entered Level 5 of the Dungeon
  2854 | D:4      | Killed Eustachio
  2855 | D:4      | Reached skill level 1 in Dodging
  2886 | D:4      | Found a shadowy altar of Dithmenos.
  3202 | D:5      | Reached XP level 7. HP: 44/44 MP: 7/7
  3209 | D:5      | Reached skill level 5 in Shields
  3410 | D:5      | Found a glowing golden altar of the Shining One.
  3509 | D:5      | Reached skill level 5 in Armour
  3587 | D:5      | Reached skill level 5 in Maces & Flails
  3678 | D:5      | Found a runed translucent door.
  3678 | D:5      | Noticed grizmgrazm2's ghost (novice OpSh)
  3697 | D:5      | Killed grizmgrazm2's ghost
  3698 | D:5      | Reached skill level 5 in Fighting
  3698 | D:5      | Reached skill level 6 in Shields
  3698 | D:5      | Reached XP level 8. HP: 28/49 MP: 8/8
  3836 | D:5      | Killed from afar by a steam dragon

Illustrated notes

Levels and vault maps discovered:
D:1:      lightli_arrival_quake, layout_loops_ring, minmay_indecisive_spiral
D:2:      layout_loops_ring, basic_altar, uniq_jessica, uniq_crazy_yiuf_cottage
D:3:      layout_loops_cross, minitemple, uniq_terence
D:4:      layout_basic, kennysheep_mini, minmay_misc_feat_tower,
          dk_noncrumbling_3, kennysheep_windowed_goal, uniq_eustachio
D:5:      layout_rooms, tso_oasis_becter, gammafunk_ghost_grave
D:6:      layout_basic, minmay_temple_entry_slanted, minmay_misc_feat_plants

Skill      XL: |  1  2  3  4  5  6  7 |
---------------+----------------------+-----
Maces & Flails | 3 4 5 |  5.6
Fighting       | 4 5 |  5.0
Armour         | 4 5 |  5.5
Shields        | 4 6 |  6.3
Dodging        | 1 2 |  2.0

Action                     |  1- 3 |  4- 6 |  7- 9 || total
---------------------------+-------+-------+-------++-------
  Melee: Flail             |   153 |    28 |       ||   181
         Club              |       |   146 |    97 ||   243
 Armour: Scale mail        |   109 |    81 |    34 ||   224
  Dodge: Dodged            |    91 |    82 |    36 ||   209
  Block: Buckler           |    54 |   101 |    40 ||   195
         Reflection        |     2 |     3 |     1 ||     6

Table legend: (Time is in decaauts)
 A = Elapsed time spent in this place.
 B = Non-inter-level travel time spent in this place.
 C = Inter-level travel time spent in this place.
 D = Time resting spent in this place.
 E = Time spent auto-exploring this place.
 F = Levels seen in this place.
 G = Mean time per level.
                   A        B        C        D        E       F      G
               +--------+--------+--------+--------+--------+-----+--------+
         Total |   3917 |   3746 |    171 |     88 |   2792 |   6 |  652.8 |
       Dungeon |   3917 |   3746 |    171 |     88 |   2792 |   6 |  652.8 |
               +--------+--------+--------+--------+--------+-----+--------+

Top non-repeatable levels by time:
     D:2: 923 daAuts
     D:1: 822 daAuts
     D:3: 785 daAuts
     D:4: 711 daAuts
     D:5: 648 daAuts
     D:6: 25 daAuts
